 Dungeon Crawl Stone Soup version 0.28.0 (webtiles) character file.

Game seed: 10567370063400715755

501 Crownlay the Changer (level 7, 0/43 HPs)
             Began as an Octopode Transmuter on Feb 17, 2022.
             Was an Initiate of Ru.
             Shot with an arrow by a centaur (6 damage)
             ... on level 5 of the Dungeon.
             The game lasted 00:07:17 (5923 turns).

Crownlay the Changer (Octopode Transmuter)          Turns: 5923, Time: 00:07:17

Health: 0/43       AC:  1    Str:  9    XL:     7   Next: 17%
Magic:  0/12       EV: 13    Int: 17    God:    Ru [......]
Gold:   179        SH:  0    Dex: 13    Spells: 9/13 levels left

rFire   . . .      SeeInvis .     - Unarmed
rCold   . . .      Faith    .   (no shield)
rNeg    . . .      Spirit   +   (helmet restricted)
rPois   .          Reflect  .   o - amulet of guardian spirit
rElec   .          Harm     .   (no ring)
rCorr   .          Rampage  .   (no ring)
Will    .....                   (no ring)
Stlth   ++++......              (no ring)
HPRegen 0.14/turn               (no ring)
MPRegen 0.13/turn               (no ring)
                                (no ring)
                                (no ring)

@: no status effects
A: almost no armour, amphibious, 8 rings, camouflage 1, gelatinous body 1,
(nimble swimmer 1), tentacles
a: Renounce Religion


You were on level 5 of the Dungeon.
You worshipped Ru.
Ru was noncommittal.
You visited 1 branch of the dungeon, and saw 5 of its levels.

You collected 179 gold pieces.

Inventory:

Magical Staves
 e - a staff of earth
Jewellery
 f - a ring of ice
 o - an amulet of guardian spirit (around mantle)
Scrolls
 b - a scroll of identify
 c - 3 scrolls of teleportation
 d - a scroll of immolation
 i - a scroll of fear {unknown}
 j - a scroll of amnesia {unknown}
 k - 2 scrolls of vulnerability
 l - a scroll of magic mapping {unknown}
 m - a scroll of fog {unknown}
Potions
 a - 2 potions of brilliance
 h - a potion of curing {unknown}
 n - a potion of haste {unknown}


   Skills:
 - Level 1.0 Fighting
 - Level 2.0 Dodging
 + Level 4.9 Stealth
 + Level 3.5 Unarmed Combat
 + Level 3.8 Spellcasting
 * Level 5.1 Transmutations


You had 9 spell levels left.
You knew the following spells:

 Your Spells              Type           Power      Damage    Failure   Level
a - Beastly Appendage     Tmut           40%        N/A       1%          1
b - Spider Form           Tmut/Pois      11%        N/A       17%         3

Your spell library contained the following spells:

 Spells                   Type           Power      Damage    Failure   Level
 Wereblood                Tmut           20%        N/A       3%          2
 Static Discharge         Conj/Air       3%         N/A       24%         2
 Dazzling Flash           Conj/Hex       6%         N/A       43%         3
 Ice Form                 Ice/Tmut       11%        N/A       50%         4
 Alistair's Intoxication  Tmut/Pois      7%         N/A       83%         5
 Agony                    Necr           3%         N/A       99%         5
 Borgnjor's Vile Clutch   Necr/Erth      1%         N/A       99%         5
 Lightning Bolt           Conj/Air       1%         1d12      99%         5
 Silence                  Hex/Air        1%         N/A       99%         5
 Eringya's Noxious Bog    Tmut/Pois      5%         N/A       100%        6
 Maxwell's Capacitive Co  Air            1%         ∞         100%        8


Dungeon Overview and Level Annotations

Branches:
Dungeon (5/15)
 Temple: D:4-7

Altars:
Ru
Xom


Innate Abilities, Weirdness & Mutations

You cannot wear most types of armour.
You are amphibious.
You can wear up to eight rings at the same time.
Your skin changes colour to match your surroundings (Stealth+).
Your rubbery body absorbs attacks. (AC +1, EV +1)
((You are camouflaged when in or above water. (Stealth+)))
You have tentacles for arms and can constrict up to eight enemies at once.


Message History

The adder is lightly wounded.
The adder barely misses you.
You miss the adder. You grab the adder. You squeeze the adder.
The adder is severely wounded.
You constrict the adder. The adder bites you.
You are poisoned.
The adder poisons you!
You tentacle-slap the adder.
The adder is almost dead.
You constrict the adder.
You kill the adder!
You feel sick.
You feel sick.
You feel sick.
You feel sick.
You are no longer poisoned.
Things that are here:
a +0 leather armour; a +0 whip; a gnoll skeleton You see here a scorpion corpse.
You start resting.
Magic restored.
You start resting.
HP restored.
Things that are here:
a +0 leather armour; a +0 whip A centaur comes into view.
It is wielding a +0 whip.
The centaur shouts!
The centaur unwields a +0 whip.
The centaur wields a +0 shortbow.
The centaur shoots an arrow.
The arrow hits you.
The centaur shoots an arrow.
The arrow hits you!
The centaur shoots an arrow.
The arrow closely misses you.
The centaur shoots an arrow.
The arrow hits you!
The centaur shoots an arrow.
The arrow hits you.
Things that are here:
a +0 leather armour; a +0 whip The centaur shoots an arrow.
The arrow hits you!
* * * LOW HITPOINT WARNING * * *
The centaur shoots an arrow.
The arrow barely misses you.
The centaur shoots an arrow.
The arrow hits you!
You die...

#. #. #.## #.#.#
#... ....# #..#
#...# #..##
#...# #.<.#
#...# ##))#
#...###.#. #@.#
#)........ #..#
#)<.....# #..#
##)####.# #..#
#S# #..# #.#
#..# ####c####.
#.c####..).:....
#...[...##.####.
##)#######.#


You could see a centaur.

Vanquished Creatures
  2 scorpions
  A hound (D:2)
  A centaur zombie (D:4)
  An orc priest (D:3)
  A gnoll shaman (D:5)
  Jessica (D:3)
  2 orc wizards
  2 hound skeletons
  3 gnolls (D:5)
  2 adders
  2 adder zombies (D:4)
  3 worms
  An adder skeleton (D:4)
  A dart slug (D:1)
  14 orcs
  8 endoplasms
  3 giant cockroaches
  3 hobgoblins
  3 jackals (D:3)
  7 kobolds
  2 quokkas
  6 ball pythons
  3 bats
  2 frilled lizards
  8 goblins
  7 rats
89 creatures vanquished.

Vanquished Creatures (others)
  4 fungi (D:3)
  A plant (D:3)
  2 withered plants (D:4)
7 creatures vanquished.

Grand Total: 96 creatures vanquished

Notes
Turn   | Place    | Note
-------+----------+-------------------------------------------
     0 | D:1      | Crownlay the Octopode Transmuter began the quest for the
                  | Orb.
     0 | D:1      | Reached XP level 1. HP: 13/13 MP: 3/3
   539 | D:1      | Reached skill level 1 in Stealth
   663 | D:1      | Reached XP level 2. HP: 15/18 MP: 3/5
  1097 | D:2      | Reached XP level 3. HP: 3/23 MP: 4/6
  1426 | D:2      | Learned a level 3 spell: Spider Form
  1577 | D:2      | Reached XP level 4. HP: 14/28 MP: 5/8
  1763 | D:2      | Reached skill level 3 in Transmutations
  3016 | D:3      | Noticed Jessica
  3023 | D:3      | Killed Jessica
  3024 | D:3      | Reached XP level 5. HP: 23/33 MP: 7/9
  3195 | D:3      | Reached skill level 4 in Transmutations
  3718 | D:3      | Found a shimmering altar of Xom.
  3783 | D:3      | Found a faded altar of an unknown god.
  4177 | D:4      | Reached XP level 6. HP: 14/38 MP: 9/11
  4665 | D:4      | Found a sacrificial altar of Ru.
  4972 | D:4      | Became a worshipper of Ru the Awakened
  5208 | D:5      | Entered Level 5 of the Dungeon
  5210 | D:5      | Noticed a water moccasin
  5677 | D:5      | Reached skill level 5 in Transmutations
  5677 | D:5      | Reached XP level 7. HP: 28/43 MP: 7/12
  5923 | D:5      | Shot with an arrow by a centaur

Illustrated notes

Levels and vault maps discovered:
D:1:      onia_arrival_mini_spirals, layout_rooms, serial_corexii_hall,
          chequers_hall_statues_wall_a, chequers_hall_statues_wall_a
D:2:      layout_loops_ring, minmay_tiny_reverse_x
D:3:      layout_basic, mainiacjoe_overflow_cross_hatched,
          dreamdust_ecumenical_altar_grove, kennysheep_jessica_study
D:4:      layout_loops_ring, lemuel_coloured_pillars_altar, serial_undead,
          serial_undead_a, serial_undead_b, serial_undead_e, serial_undead_f
D:5:      layout_loops_ring

Skill      XL: |  1  2  3  4  5  6 |
---------------+-------------------+-----
Stealth        | 1 2 3 4 |  4.9
Transmutations | 3 4 5 |  5.1
Spellcasting   | 3 |  3.8
Fighting       | |  1.0
Dodging        | |  2.0
Unarmed Combat | |  3.5

Action                   |  1- 3 |  4- 6 |  7- 9 || total
-------------------------+-------+-------+-------++-------
Melee: Unarmed           |    40 |   157 |    11 ||   208
       Kick              |    11 |    58 |     2 ||    71
       Constrict         |     6 |    35 |     3 ||    44
       Tentacles         |     6 |    34 |     3 ||    43
       Punch             |     3 |     8 |       ||    11
 Cast: Beastly Appendage |    16 |    27 |     1 ||    44
       Spider Form       |       |     1 |       ||     1
  Use: Scroll            |       |     4 |       ||     4
       Potion            |       |     1 |       ||     1
 Stab: Sleeping          |     4 |     6 |       ||    10
       Distracted        |       |       |     1 ||     1
Armor: Skin              |     4 |    11 |       ||    15
Dodge: Dodged            |    22 |    84 |     4 ||   110
